[Event "Late-Titled-Tuesday-Blitz-November-28-2023"]
[Site "Chess.com"]
[Date "2023.11.28"]
[Round "6"]
[White "Dr_crypt"]
[Black "Maxfan2008"]
[Result "1-0"]
[WhiteElo "2399"]
[BlackElo "2533"]
[TimeControl "180+1"]
[EndTime "15:02:51 PST"]
[Termination "Dr_crypt won by resignation"]

1. Nf3 Nf6 2. d4 b6 3. c4 Bb7 4. d5 e6 5. Nc3 Bb4 6. Bg5 h6 7. Bxf6 Qxf6 8. Rc1 O-O 9. e3 Na6 10. a3 Bxc3+ 11. Rxc3 Nc5 12. Be2 e5 13. O-O e4 14.
Nd4 a5 15. b4 axb4 16. axb4 Na6 17. Rb3 c5 18. bxc5 Nxc5 19. Rb4 Ra6 20. Nb5 Rfa8 21. Qd4 Ra2 22. Qxf6 gxf6 23. Nd4 R8a6 24. Rfb1 Na4 25. Bf1 Kf8 26. Nf5 h5 27. Nd6 Nc3 28.
Rc1 Ba8 29. Rxc3 1-0

[Event "Late-Titled-Tuesday-Blitz-November-28-2023"]
[Site "Chess.com"]
[Date "2023.11.28"]
[Round "6"]
[White "Dzidzik2203"]
[Black "TrenerChos"]
[Result "0-1"]
[WhiteElo "2408"]
[BlackElo "2604"]
[TimeControl "180+1"]
[EndTime "15:02:53 PST"]
[Termination "TrenerChos won by resignation"]

1. d4 e5 2. dxe5 Nc6 3. Nf3 Qe7 4.
Qd5 d6 5. exd6 cxd6 6. Nc3 Nf6 7.
Qb3 Be6 8. Qa4 d5 9. Bg5 Qb4 10.
Bxf6 gxf6 11. Qxb4 Bxb4 12. e3 Rc8 13. O-O-O Bxc3 14. bxc3 Ne5 15. Kb2 Ke7 16. Nd4 Rc7 17. f4 Ng4 18.
Re1 Nf2 19. Rg1 Rhc8 20. Be2 Rxc3 21. Bf3 Ne4 22. f5 Bd7 23. Bxe4 dxe4 24. Re2 R3c4 25.
Rd1 b5 26. g4 b4 27. h3 a5 28. Rf2 a4 29. Rf4 Bc6 30. a3 bxa3+ 31. Kxa3 Bd5 32. Rb1 Rc3+ 33. Kxa4 Ra8+ 34. Kb4 Rc4+ 35. Kb5 Rb8+ 36. Ka5 Rxb1 0-1

[Event "Late-Titled-Tuesday-Blitz-November-28-2023"]
[Site "Chess.com"]
[Date "2023.11.28"]
[Round "6"]
[White "Ducke13"]
[Black "olawsson"]
[Result "1-0"]
[WhiteElo "2446"]
[BlackElo "2163"]
[TimeControl "180+1"]
[EndTime "15:02:55 PST"]
[Termination "Ducke13 won on time"]

1. d4 d6 2. g3 g6 3. Bg2 Bg7 4. e4 e5 5. Ne2 exd4 6. Nxd4 Nc6 7. Nxc6 bxc6 8. O-O Ne7 9. Nc3 O-O 10. Bg5 Rb8 11. Qc1 Re8 12. Rb1 Be6 13. Bh6 Bh8 14. h4 a5 15. Ne2 Bxa2 16. Ra1 Rxb2 17. Re1 Nc8 18. c3 Rxe2 19. Rxe2 Bc4 20. Re1 Re5 21.
f4 Rc5 22. Kh2 Nb6 23. Bg5 Qa8 24. e5 dxe5 25. fxe5 Bxe5 26. Rxe5 Rxe5 27. Qf4 1-0

[Event "Late-Titled-Tuesday-Blitz-November-28-2023"]
[Site "Chess.com"]
[Date "2023.11.28"]
[Round "6"]
[White "MathiasWomacka"]
[Black "KorolDimitriy75"]
[Result "1/2-1/2"]
[WhiteElo "2519"]
[BlackElo "2300"]
[TimeControl "180+1"]
[EndTime "15:03:11 PST"]
[Termination "Game drawn by repetition"]

1. e4 c5 2. Nf3 d6 3. d4 cxd4 4. Nxd4 Nf6 5. Nc3 g6 6. Be3 Bg7 7. f3 O-O 8. Qd2 Nc6 9. O-O-O d5 10. exd5 Nxd5 11. Nxc6 bxc6 12. Bd4 e5 13. Bc5 Be6 14. Ne4 Rb8 15. h4 f5 16. Ng5 e4 17.
Ba3 e3 18. Qe1 Qb6 19. b3 Nc3 20. Nxe6 Qa5 21. Bb2 Nxa2+ 22. Kb1 Nc3+ 23. Kc1 Na2+ 24.
Kb1 Nc3+ 25. Kc1 Na2+ 1/2-1/2

[Event "Late-Titled-Tuesday-Blitz-November-28-2023"]
[Site "Chess.com"]
[Date "2023.11.28"]
[Round "6"]
[White "OparinGrigoriy"]
[Black "ameetghasi100"]
[Result "1-0"]
[WhiteElo "3008"]
[BlackElo "2829"]
[TimeControl "180+1"]
[EndTime "15:03:18 PST"]
[Termination "OparinGrigoriy won on time"]

1. Nc3 g6 2. e4 Bg7 3. d4 d6 4. Nf3 Nf6 5. Bc4 O-O 6. Qe2 Bg4 7. O-O Nc6 8. Rd1 e5 9. dxe5 Nxe5 10. Bb3 Nh5 11. Nd5 Bxf3 12. gxf3 c6 13. Nf4 Nxf4 14. Bxf4 Qf6 15. Qe3 g5 16. Bxe5 Qxe5 17. c3 a5 18. a4 Kh8 19. Bc2 Rae8 20. Kh1 Re6 21. Rg1 Rh6 22. Rg3 Bf6 23. Rag1 Qe7 24. R1g2 Rg8 25. f4 Rhg6 26. e5 gxf4 27. exf6 Qxe3 28. Rxg6 Qe1+ 29. Rg1 Rxg6 30. Rxe1 Rxf6 31. Kg2 Kg7 32. Kf3 d5 33. Re7 Kf8 34. Rxb7 Rh6 35. b4 1-0

[Event "Late-Titled-Tuesday-Blitz-November-28-2023"]
[Site "Chess.com"]
[Date "2023.11.28"]
[Round "6"]
[White "RodokininEV"]
[Black "tantaan"]
[Result "1-0"]
[WhiteElo "2591"]
[BlackElo "2373"]
[TimeControl "180+1"]
[EndTime "15:03:18 PST"]
[Termination "RodokininEV won by resignation"]

1. Nf3 Nf6 2. g3 b5 3. Bg2 Bb7 4. O-O e6 5. d4 c5 6. c3 Be7 7.
Bf4 O-O 8. Nbd2 d6 9. Re1 b4 10.
e4 bxc3 11. bxc3 Nc6 12. Qb3 Rb8 13. dxc5 dxc5 14. Bxb8 Qxb8 15. Rab1 Na5 16. Qa4 Qc7 17. Nc4 Nxc4 18. Qxc4 Bc6 19. Qa6 Bxe4 20. Rxe4 Nxe4 21. Rb7 Qd8 22. Ne5 Qd1+ 23. Bf1 Bf6 24. Nd7 Rd8 25.
Nxf6+ gxf6 26. Qe2 Qxe2 27. Bxe2 Nxc3 28. Bh5 Rf8 29.
Rxa7 Nd5 30. Kf1 f5 31. Ke2 Nf6 32. Bf3 Rc8 33. a4 Kf8 34. a5 e5 35. Ra8 Rxa8 36.
Bxa8 Nd7 37. a6 Nb6 38. Bb7 Ke7 39. a7 Kd6 40. a8=Q Nxa8 41. Bxa8 c4 42. Kd2 Kc5 43. Kc3 f6 44. Bf3 f4 45. Be4 1-0

[Event "Late-Titled-Tuesday-Blitz-November-28-2023"]
[Site "Chess.com"]
[Date "2023.11.28"]
[Round "6"]
[White "eljanov"]
[Black "NateSolon"]
[Result "1-0"]
[WhiteElo "2878"]
[BlackElo "2673"]
[TimeControl "180+1"]
[EndTime "15:03:20 PST"]
[Termination "eljanov won by resignation"]

1. d4 d5 2. Bf4 Nf6 3. e3 e6 4. Nd2 c5 5. c3 Nc6 6. Ngf3 cxd4 7. exd4 Nh5 8. Be3 Bd6 9. g3 Nf6 10. Bd3 Ng4 11. Qe2 Nxe3 12. Qxe3 O-O 13. O-O Bd7 14.
Ne5 Nxe5 15. dxe5 Bc7 16. Nf3 f6 17. Rae1 Bb6 18. Nd4 fxe5 19. Qxe5 Qf6 20. Qxf6 Rxf6 21. f4 Raf8 22. Kg2 h6 23. h4 g5 24. fxg5 Rxf1 25. Bxf1 hxg5 26. hxg5 Bxd4 27. cxd4 Rf5 28.
g6 Kg7 29. Bd3 Rf8 30. Rf1 Rxf1 31. Kxf1 Be8 32. Kf2 Bxg6 33. Bxg6 Kxg6 34. Kf3 Kf5 35. g4+ Kg5 36. Kg3 1-0

[Event "Late-Titled-Tuesday-Blitz-November-28-2023"]
[Site "Chess.com"]
[Date "2023.11.28"]
[Round "6"]
[White "wannabe2700"]
[Black "gabduschew"]
[Result "1-0"]
[WhiteElo "2628"]
[BlackElo "2445"]
[TimeControl "180+1"]
[EndTime "15:03:22 PST"]
[Termination "wannabe2700 won on time"]

1. e4 Nc6 2. d4 d5 3. e5 Bf5 4. c3 Qd7 5. Nd2 f6 6. f4 h5 7. Ngf3 h4 8. Nb3 e6 9. Be3 h3 10. g3 Nh6 11. Qd2 Be4 12. Be2 f5 13.
O-O Nf7 14. Ng5 Be7 15. Nxe4 dxe4 16. c4 Rd8 17. Rad1 O-O 18. d5 Nb4 19. d6 cxd6 20.
Qxb4 dxe5 21. Rxd7 Bxb4 22. Rxb7 Bd6 23. c5 Bb8 24. c6 Rc8 25. Rc1 exf4 26. gxf4 Rc7 27. Rxc7 Bxc7 28. Nc5 Re8 29. Na6 Rc8 30. Bxa7 Bxf4 31.
Rc4 Nd6 32. Rc2 Nb5 33. Bxb5 1-0

[Event "Late-Titled-Tuesday-Blitz-November-28-2023"]
[Site "Chess.com"]
[Date "2023.11.28"]
[Round "6"]
[White "JaackCamel"]
[Black "maurovargas01"]
[Result "1-0"]
[WhiteElo "2040"]
[BlackElo "1836"]
[TimeControl "180+1"]
[EndTime "15:03:24 PST"]
[Termination "JaackCamel won on time"]

1. d4 d5 2. c4 c6 3. cxd5 cxd5 4. Bf4 Nc6 5. e3 h5 6. Nc3 e5 7. dxe5 g5 8. Bxg5 Qxg5 9. f4 Qh4+ 10. g3 Qd8 11.
Nxd5 Bg4 12. Qb3 Be6 13. Bg2 Qa5+ 14. Kf2 O-O-O 15. Rd1 Nge7 16. Nxe7+ Bxe7 17. Qc2 Qxa2 18. Rxd8+ Rxd8 19. Bxc6 bxc6 20. Qxc6+ Kb8 21. Qb5+ Kc7 22. Ne2 Rd5 23. Rc1+ 1-0

[Event "Late-Titled-Tuesday-Blitz-November-28-2023"]
[Site "Chess.com"]
[Date "2023.11.28"]
[Round "6"]
[White "kxt100"]
[Black "Mikhal867"]
[Result "0-1"]
[WhiteElo "2249"]
[BlackElo "2409"]
[TimeControl "180+1"]
[EndTime "15:03:29 PST"]
[Termination "Mikhal867 won by resignation"]

1. d4 Nf6 2. c4 g6 3. Nc3 Bg7 4. e4 O-O 5. Nge2 d6 6. f3 a6 7. Be3 Nc6 8. Qd2 Re8 9. g4 Bd7 10.
Ng3 e5 11. d5 Nd4 12. Be2 c5 13. h4 b5 14. Kf2 Rb8 15. h5 Rf8 16. cxb5 axb5 17.
Kg2 c4 18. Bh6 b4 19. Nd1 Qa5 20. Bxg7 Kxg7 21. hxg6 fxg6 22. Qh6+ Kf7 23. g5 Ne8 24. Bxc4 Rc8 25. Ne3 b3 26. Rhd1 Nc2 27. Nxc2 bxc2 28. Rf1 Rxc4 29. Qxh7+ Ng7 30. Nh5 gxh5 31. g6+ Kf6 32.
f4 Qd2+ 33. Kh1 exf4 34. Qh6 c1=Q 35. Raxc1 Rxc1 0-1

[Event "Late-Titled-Tuesday-Blitz-November-28-2023"]
[Site "Chess.com"]
[Date "2023.11.28"]
[Round "6"]
[White "karinachess1"]
[Black "PapaieDudu"]
[Result "1-0"]
[WhiteElo "2604"]
[BlackElo "2416"]
[TimeControl "180+1"]
[EndTime "15:03:42 PST"]
[Termination "karinachess1 won by resignation"]

1. d4 d5 2. c4 Nf6 3. cxd5 c6 4.
dxc6 Nxc6 5. Nf3 h6 6. Nc3 Bf5 7. e3 e6 8. Bd3 Bg4 9. O-O Bd6 10. h3 Bh5 11. Be2 O-O 12. a3 Re8 13. b4 a6 14.
Bb2 Bb8 15. Rc1 Qe7 16. Na4 Rd8 17. Qb3 e5 18. dxe5 Nxe5 19. Bxe5 Bxe5 20. Nb6 Rab8 21. Nxe5 Qxe5 22. Bxh5 Qxh5 23. Rc7 Rd6 24. Nc8 Rd8 25. Rfc1 Nd5 26. Ne7+ Nxe7 27. Rxe7 Rd6 28. Rcc7 Rf6 29. Rxb7 Rxb7 30. Rxb7 Kh7 31. Qd3+ g6 32. Rd7 Qe5 33. Qd4 Qf5 34. e4 Qe6 35. Qd5 Qb6 36. Rxf7+ Rxf7 37. Qxf7+ Kh8 38. e5 Qd4 39. e6 Qa1+ 40. Kh2 Qe5+ 41. g3 Qg7 42. Qxg7+ Kxg7 43. a4 Kf6 44. f4 Kxe6 45. g4 a5 46. bxa5 g5 47. f5+ Ke5 48. a6 h5 49. a7 h4 50. a8=Q Kf6 51. Qf8+ Ke5 52. Qe7+ Kf4 53. f6 Kf3 54. f7 1-0

[Event "Late-Titled-Tuesday-Blitz-November-28-2023"]
[Site "Chess.com"]
[Date "2023.11.28"]
[Round "6"]
[White "cthulhuuu"]
[Black "DawnofEpiphany"]
[Result "1-0"]
[WhiteElo "2505"]
[BlackElo "2638"]
[TimeControl "180+1"]
[EndTime "15:03:52 PST"]
[Termination "cthulhuuu won by checkmate"]

1. e4 e5 2. Nf3 Nc6 3. Bb5 a6 4.
Bxc6 dxc6 5. O-O Bd6 6. d4 exd4 7. Qxd4 f6 8. Nbd2 Be6 9. h3 Ne7 10. Nc4 Bxc4 11. Qxc4 Qd7 12. Be3 Ng6 13. Rad1 O-O-O 14. Qd4 c5 15. Qd5 Rhe8 16. Rd2 Qb5 17. c4 Qa5 18.
a3 Bh2+ 19. Kxh2 Rxd5 20. Rxd5 b6 21. b4 Qxa3 22. bxc5 b5 23. cxb5 axb5 24. c6 b4 25.
Rfd1 b3 26. Rb5 Rxe4 27. Bc5 Qa4 28. Rd8+ Kxd8 29. Rb8# 1-0

[Event "Late-Titled-Tuesday-Blitz-November-28-2023"]
[Site "Chess.com"]
[Date "2023.11.28"]
[Round "6"]
[White "Alex_Banzea"]
[Black "2Killer2"]
[Result "1/2-1/2"]
[WhiteElo "2664"]
[BlackElo "2515"]
[TimeControl "180+1"]
[EndTime "15:03:54 PST"]
[Termination "Game drawn by repetition"]

1. d4 e6 2. Nc3 d5 3. Bf4 a6 4.
e3 Nf6 5. Nf3 c5 6. Bd3 Nc6 7. O-O Bd6 8. dxc5 Bxc5 9. e4 dxe4 10. Nxe4 Be7 11. c3 O-O 12. Nxf6+ Bxf6 13. Re1 b5 14.
Be4 Bb7 15. Qxd8 Rfxd8 16. Ne5 Bxe5 17. Bxe5 Nxe5 18. Bxb7 Ra7 19. Rxe5 Rxb7 20. Kf1 Rd2 21. Re2 Rbd7 22. Ke1 Rxe2+ 23. Kxe2 f5 24. a4 Kf7 25. axb5 axb5 26. Ra5 Rd5 27. f4 Kf6 28. Ke3 h6 29.
g3 g5 30. b3 g4 31. Ra7 h5 32. Rc7 Rd1 33. Kf2 Rd2+ 34. Kg1 Rb2 35. b4 Rb1+ 36. Kf2 Rb2+ 37. Kg1 Rb1+ 38. Kg2 Rb2+ 39. Kg1 1/2-1/2

[Event "Late-Titled-Tuesday-Blitz-November-28-2023"]
[Site "Chess.com"]
[Date "2023.11.28"]
[Round "6"]
[White "Good_Knight_Kiss"]
[Black "Romadk"]
[Result "1-0"]
[WhiteElo "2328"]
[BlackElo "2435"]
[TimeControl "180+1"]
[EndTime "15:03:57 PST"]
[Termination "Good_Knight_Kiss won by resignation"]

1. e4 Nf6 2. e5 Nd5 3. d4 d6 4. c4 Nb6 5. exd6 cxd6 6. Nc3 g6 7. Be3 Bg7 8. Rc1 O-O 9. b3 Nc6 10. d5 Ne5 11. Be2 Re8 12. f4 Ned7 13. Nf3 Nf6 14. Nd4 e6 15. dxe6 fxe6 16. O-O d5 17. c5 Nbd7 18.
b4 e5 19. fxe5 Nxe5 20. Bg5 h6 21. Bh4 g5 22. Bg3 Ne4 23. Nxe4 dxe4 24. Qb3+ Kh7 25. Nf5 Bxf5 26. Rxf5 Nd3 27. Bxd3 exd3 28. Rd5 Bd4+ 29.
Kh1 d2 30. Rd1 Qe7 31. Qd3+ Kg8 32. Rxd4 Qe1+ 33. Qf1 Qxf1+ 34. Rxf1 Rf8 35. Rd1 Rae8 36. R4xd2 Re4 37. a3 Re3 38. b5 Rxa3 39. c6 bxc6 40. bxc6 Rd3 41. Rxd3 1-0

[Event "Late-Titled-Tuesday-Blitz-November-28-2023"]
[Site "Chess.com"]
[Date "2023.11.28"]
[Round "6"]
[White "Kostukov_Alex"]
[Black "Blackwhite017"]
[Result "1-0"]
[WhiteElo "2363"]
[BlackElo "2055"]
[TimeControl "180+1"]
[EndTime "15:04:02 PST"]
[Termination "Kostukov_Alex won on time"]

1. g3 g6 2. Bg2 Bg7 3. d4 d5 4. Nf3 c6 5. O-O Nf6 6. Nbd2 O-O 7. c4 e6 8. Qb3 Nbd7 9. Rd1 b6 10. Ne5 Bb7 11.
Ndf3 Ne4 12. Bf4 Nxe5 13. Nxe5 f6 14. Nf3 Kh8 15. c5 b5 16. a4 a6 17. h4 g5 18.
hxg5 fxg5 19. Be3 Qf6 20. Ne5 Qe7 21. Bxe4 Bxe5 22. Bxd5 Bxg3 23. Bxe6 Bf4 24. Bg4 1-0

[Event "Late-Titled-Tuesday-Blitz-November-28-2023"]
[Site "Chess.com"]
[Date "2023.11.28"]
[Round "6"]
[White "Elsa167"]
[Black "gahryman"]
[Result "0-1"]
[WhiteElo "2900"]
[BlackElo "2710"]
[TimeControl "180+1"]
[EndTime "15:04:09 PST"]
[Termination "gahryman won by resignation"]

1. d4 Nf6 2. c4 e6 3. Nf3 d5 4. Nc3 Nbd7 5. cxd5 exd5 6. Qc2 Bb4 7. Bg5 c5 8. e3 Qa5 9. Bxf6 Nxf6 10. Bd3 c4 11. Be2 Ne4 12. Rc1 Bf5 13. O-O Nxc3 14. Qxf5 Nxe2+ 15. Kh1 Nxc1 16. Qe5+ Kf8 17. Rxc1 Re8 18. Qf5 f6 19.
Ne5 Qc7 20. Nd3 Qd6 21. Nf4 g6 22. Qh3 Kg7 23. a3 Bd2 24. Qg3 Kf7 25. Rc2 g5 26.
Nxd5 Qxg3 27. hxg3 Be1 28. Kg1 Rd8 29. e4 b5 30. a4 Rxd5 31. exd5 a6 32. axb5 axb5 33. Re2 Re8 34. Rc2 Bb4 35. Rc1 Re1+ 36. Rxe1 Bxe1 0-1

[Event "Late-Titled-Tuesday-Blitz-November-28-2023"]
[Site "Chess.com"]
[Date "2023.11.28"]
[Round "6"]
[White "CheckThis4"]
[Black "koncheto"]
[Result "1-0"]
[WhiteElo "2721"]
[BlackElo "2520"]
[TimeControl "180+1"]
[EndTime "15:04:10 PST"]
[Termination "CheckThis4 won on time"]

1. d4 Nf6 2. Nc3 d5 3. Bf4 a6 4. e4 dxe4 5. f3 exf3 6. Nxf3 Bf5 7. Ne5 e6 8. Be2 Nbd7 9. Bf3 c6 10. Qe2 Bb4 11.
g4 Bg6 12. h4 Nxe5 13. dxe5 Qd4 14. exf6 Qxf4 15. fxg7 Rg8 16. h5 Bxc2 17. O-O Qg3+ 18. Kh1 Bxc3 19. bxc3 Ba4 20. h6 O-O-O 21. Qh2 Qxh2+ 22.
Kxh2 Rd3 23. Be4 Rd2+ 24. Kg3 1-0

[Event "Late-Titled-Tuesday-Blitz-November-28-2023"]
[Site "Chess.com"]
[Date "2023.11.28"]
[Round "6"]
[White "PoXerStar"]
[Black "Mikhail_Golubev"]
[Result "0-1"]
[WhiteElo "2406"]
[BlackElo "2596"]
[TimeControl "180+1"]
[EndTime "15:04:11 PST"]
[Termination "Mikhail_Golubev won on time"]

1. e4 c5 2. Nf3 d6 3. d4 cxd4 4. Nxd4 Nf6 5. Nc3 Nc6 6. Bc4 e6 7. Bb3 a6 8. O-O Na5 9. f4 Qc7 10. f5 e5 11. Nde2 Nxb3 12. axb3 b5 13. Bg5 Bb7 14.
Bxf6 gxf6 15. Kh1 Qc5 16. Ng3 h5 17. Nxh5 Be7 18. Ng3 Rc8 19. Rc1 Bf8 20. Nh5 Ke7 21.
Qf3 Bh6 22. Rcd1 b4 23. Nd5+ Bxd5 24. Rxd5 Qxc2 25. g3 Qxb2 26. Rf2 Rc2 27. Rxc2 Qxc2 28. Qd3 Qxd3 29. Rxd3 Rc8 30. g4 Rc3 31. Rd1 Rxb3 0-1

[Event "Late-Titled-Tuesday-Blitz-November-28-2023"]
[Site "Chess.com"]
[Date "2023.11.28"]
[Round "6"]
[White "Hoshka"]
[Black "dianamirza"]
[Result "0-1"]
[WhiteElo "2118"]
[BlackElo "2033"]
[TimeControl "180+1"]
[EndTime "15:04:13 PST"]
[Termination "dianamirza won on time"]

1. d4 Nf6 2. c4 e6 3. g3 d5 4. Bg2 c6 5. Nf3 Be7 6. O-O O-O 7. Qc2 Nbd7 8. Nbd2 Nb6 9. b3 dxc4 10.
bxc4 Qc7 11. Nb3 a5 12. a4 Nbd7 13. Bf4 Qd8 14. Rad1 b6 15. e4 Ba6 16. e5 Nh5 17.
Be3 g6 18. Rfe1 b5 19. axb5 cxb5 20. cxb5 Bxb5 21. Nc5 Nxc5 22. dxc5 Qc7 23. Nd4 Rab8 24. Nxb5 Rxb5 25. c6 Bb4 26. Rd7 Qxe5 27. Red1 Bc5 28. Bh6 Ng7 29. c7 Rb2 30. Rd8 Rxc2 31. Rxf8+ Bxf8 32. Bf4 Qe2 33. Rf1 e5 0-1

[Event "Late-Titled-Tuesday-Blitz-November-28-2023"]
[Site "Chess.com"]
[Date "2023.11.28"]
[Round "6"]
[White "gmpeter008"]
[Black "Sic_Transit_GM"]
[Result "0-1"]
[WhiteElo "2506"]
[BlackElo "2693"]
[TimeControl "180+1"]
[EndTime "15:04:14 PST"]
[Termination "Sic_Transit_GM won on time"]

1. d4 g6 2. c4 Bg7 3. Nf3 Nf6 4. e3 O-O 5. Be2 d6 6. O-O Nbd7 7. b3 e5 8. Bb2 Qe7 9. Nc3 Re8 10.
Rc1 e4 11. Nd2 Nf8 12. Re1 h5 13. f4 Bg4 14. Bxg4 hxg4 15. Nd5 Nxd5 16. cxd5 Nh7 17. Qxg4 Nf6 18. Qg5 Kh7 19. g4 Rac8 20. Ba3 Qd7 21. h3 Qb5 22. f5 Qxd5 23. Rf1 Bh6 24. Qh4 g5 25. Qg3 a5 26. Nc4 Ra8 27. Bb2 b5 28.
Nd2 Re7 29. Rc2 a4 30. b4 Qxa2 31. d5 Nxd5 32. f6 Re6 33. Qf2 Nxb4 34. Qf5+ Kg8 35. Rxc7 Rf8 36. Rxf7 Rxf7 37. Qxe6 Qxe6 0-1

[Event "Late-Titled-Tuesday-Blitz-November-28-2023"]
[Site "Chess.com"]
[Date "2023.11.28"]
[Round "6"]
[White "hristos03"]
[Black "TimGrutter03"]
[Result "0-1"]
[WhiteElo "2369"]
[BlackElo "2544"]
[TimeControl "180+1"]
[EndTime "15:04:16 PST"]
[Termination "TimGrutter03 won by resignation"]

1. e4 g6 2. Nf3 Bg7 3. Bc4 d6 4. O-O Nc6 5. h3 Nf6 6. d3 O-O 7. Nc3 Na5 8. Bb3 c5 9. Be3 a6 10. e5 Ne8 11. Qe2 b5 12. exd6 exd6 13. Bd5 Ra7 14. Bg5 Nf6 15. Ne4 Bb7 16. Bxb7 Rxb7 17.
Rfe1 Nc6 18. a3 Kh8 19. Nxf6 Bxf6 20. Bh6 Re7 21. Qd2 Rfe8 22. Rxe7 Rxe7 23. Bg5 Re6 24. Bxf6+ Qxf6 25. c3 Ne5 26. Nxe5 Qxe5 27. g3 Qe2 28. Rd1 Qf3 29. Re1 Rxe1+ 30. Qxe1 Qxd3 31. Qe7 Kg7 32. Qb7 Qb1+ 33. Kg2 Qxb2 34. Qxa6 Qxc3 35. Qxd6 b4 36.
axb4 cxb4 37. h4 h5 38. g4 hxg4 39. h5 gxh5 40. Qd5 Qf3+ 41. Kh2 Qxd5 0-1

[Event "Late-Titled-Tuesday-Blitz-November-28-2023"]
[Site "Chess.com"]
[Date "2023.11.28"]
[Round "6"]
[White "MaxLeto"]
[Black "VladimirBugayev"]
[Result "0-1"]
[WhiteElo "2535"]
[BlackElo "2321"]
[TimeControl "180+1"]
[EndTime "15:04:16 PST"]
[Termination "VladimirBugayev won by checkmate"]

1. g4 c5 2. Bg2 Nc6 3. c4 d6 4. h3 g6 5. Nc3 Bg7 6. d3 e5 7. e4 h5 8. g5 Nge7 9. Be3 Nd4 10. Nge2 Nec6 11. Qd2 a6 12. O-O Nxe2+ 13. Qxe2 Nd4 14. Qd2 Be6 15. f4 exf4 16. Rxf4 Qd7 17. Raf1 b5 18.
Nd5 Bxd5 19. exd5 O-O 20. b3 Be5 21. Rf6 Nf5 22. R6xf5 gxf5 23. Qe2 f4 24. Bxf4 Bxf4 25. Rxf4 Kg7 26. Qxh5 Rh8 27. Qf3 Qe7 28. Qf2 Rae8 29.
Kf1 Rhf8 30. Be4 Rh8 31. h4 bxc4 32. bxc4 Rb8 33. Kg2 Rb7 34. Kg3 Qe5 35. Kg4 Kf8 36. h5 Ke8 37. g6 Qxh5+ 38. Kg3 Qh3# 0-1

[Event "Late-Titled-Tuesday-Blitz-November-28-2023"]
[Site "Chess.com"]
[Date "2023.11.28"]
[Round "6"]
[White "ChristopherYoo"]
[Black "djano"]
[Result "1-0"]
[WhiteElo "3022"]
[BlackElo "2583"]
[TimeControl "180+1"]
[EndTime "15:04:18 PST"]
[Termination "ChristopherYoo won by resignation"]

1. d4 d5 2. c4 e6 3. Nc3 c5 4. cxd5 cxd4 5. Qa4+ Bd7 6. Qxd4 exd5 7. Qxd5 Nf6 8. Qd1 Bc5 9. Nf3 Nc6 10. e3 Qe7 11.
Be2 O-O-O 12. O-O g5 13. Nd4 g4 14. Bd2 h5 15. Rc1 Kb8 16. Bb5 Ne5 17. Qb3 Bc8 18.
Na4 Bd6 19. Ba6 Ka8 20. Rxc8+ Rxc8 21. Nf5 Qc7 22. Bxb7+ Qxb7 23. Qxb7+ Kxb7 24. Nxd6+ Kb8 25. Nxc8 Rxc8 26. Bc3 Nfd7 27. Rd1 f6 28. Kf1 Kc7 29. Ke2 Rg8 30. Rd5 h4 31. Ra5 Kb8 32. Nc5 g3 33. hxg3 hxg3 34. f4 Nxc5 35. fxe5 Ne4 36. exf6 Rf8 37.
Rf5 Nd6 38. Be5 Kc7 39. Bxg3 Kd7 40. Bxd6 Ke6 41. Bxf8 1-0

[Event "Late-Titled-Tuesday-Blitz-November-28-2023"]
[Site "Chess.com"]
[Date "2023.11.28"]
[Round "6"]
[White "ckgchess"]
[Black "The_Machine04"]
[Result "1-0"]
[WhiteElo "2863"]
[BlackElo "2666"]
[TimeControl "180+1"]
[EndTime "15:04:22 PST"]
[Termination "ckgchess won on time"]

1. e4 d6 2. d4 Nf6 3. Nc3 e5 4. Nf3 Nbd7 5. Rg1 c6 6. g4 h6 7. h4 exd4 8. Qxd4 Qb6 9. g5 hxg5 10. hxg5 Ne5 11. Qd1 Nfg4 12. Rg2 Rh1 13. Nxe5 Nxe5 14. Rg3 Qa6 15. Qe2 Qxe2+ 16. Nxe2 Bg4 17. f4 Nf3+ 18. Kf2 Nh2 19. Bg2 Rd1 20. Nc3 Rd4 21. Kg1 d5 22.
Kxh2 O-O-O 23. Rxg4 dxe4 24. Nxe4 Rd1 25. b3 Ba3 26.
Bxa3 Rxa1 27. Bb2 Rxa2 28. Bxg7 Rxc2 29. f5 a5 30. g6 fxg6 31. fxg6 1-0

[Event "Late-Titled-Tuesday-Blitz-November-28-2023"]
[Site "Chess.com"]
[Date "2023.11.28"]
[Round "6"]
[White "zverr1"]
[Black "SergioMoralesG"]
[Result "0-1"]
[WhiteElo "2515"]
[BlackElo "2375"]
[TimeControl "180+1"]
[EndTime "15:04:22 PST"]
[Termination "SergioMoralesG won by checkmate"]

1. e4 c5 2. Nf3 e6 3. b3 a6 4.
Bb2 Nc6 5. d4 cxd4 6. Nxd4 Qf6 7. c3 Bc5 8. Qd2 e5 9. Nf3 Qg6 10. Qc2 Nf6 11. Nbd2 Ng4 12. Nc4 Bxf2+ 13. Qxf2 Nxf2 14.
Kxf2 O-O 15. Bd3 d5 16. Nb6 dxe4 17. Bxe4 Qxe4 18. Rhe1 Qf4 19. Nxa8 e4 20. Bc1 Qf5 21. Ba3 exf3 22. Bxf8 fxg2+ 23. Kxg2 Kxf8 24. Nb6 Qc2+ 25. Kg3 Qxc3+ 26. Kg2 Bh3+ 27. Kf2 Qc5+ 28. Kg3 Be6 29.
Na4 Qg5+ 30. Kf2 Nd4 31. Rad1 Qf4+ 32. Kg2 Qf3+ 33. Kg1 Ne2+ 34. Rxe2 Qxe2 35. Rb1 Bh3 36. Rb2 Qe1# 0-1

[Event "Late-Titled-Tuesday-Blitz-November-28-2023"]
[Site "Chess.com"]
[Date "2023.11.28"]
[Round "6"]
[White "NikolasTheiss"]
[Black "Godzillator"]
[Result "1-0"]
[WhiteElo "2531"]
[BlackElo "2344"]
[TimeControl "180+1"]
[EndTime "15:04:23 PST"]
[Termination "NikolasTheiss won by resignation"]

1. h4 d5 2. h5 h6 3. d4 c5 4. c4 dxc4 5. d5 Nf6 6. Nc3 a6 7.
a4 b6 8. e4 Bb7 9. Bxc4 Nbd7 10. f4 e5 11. Nf3 Bd6 12. Qe2 Qc7 13. f5 Ke7 14. Rh4 Rhb8 15. g4 Bc8 16. g5 hxg5 17. Bxg5 b5 18. axb5 axb5 19. Rxa8 Rxa8 20.
Nxb5 Qa5+ 21. Kf2 Ba6 22. Nxd6 Kxd6 23. Bxa6 Rxa6 24. h6 gxh6 25. Rxh6 Kc7 26. Nxe5 Nxe5 27. Bxf6 Ng4+ 28. Qxg4 Qd2+ 29. Qe2 Qxh6 30. Qxa6 Qf4+ 31.
Ke2 Qxe4+ 32. Kd2 Qxd5+ 33. Kc3 Qf3+ 34. Qd3 Qf2 35. Qd8+ Kc6 36. Qe8+ Kb6 37. Bd8+ Kb7 38. Qd7+ Ka6 39. Qc6+ Ka7 40. Bb6+ Kb8 41. Qc7+ 1-0

[Event "Late-Titled-Tuesday-Blitz-November-28-2023"]
[Site "Chess.com"]
[Date "2023.11.28"]
[Round "6"]
[White "emeli_chess"]
[Black "Likvidator228"]
[Result "0-1"]
[WhiteElo "2367"]
[BlackElo "2559"]
[TimeControl "180+1"]
[EndTime "15:04:24 PST"]
[Termination "Likvidator228 won on time"]

1. d4 Nf6 2. c4 e6 3. Nc3 d5 4.
cxd5 exd5 5. Bg5 c6 6. Qc2 Be7 7. e3 O-O 8. Bd3 Nbd7 9. Nf3 Re8 10. O-O h6 11. Bh4 Ne4 12. Bxe4 Bxh4 13. Bh7+ Kh8 14. Bd3 Bf6 15. b4 a6 16. a4 Nb6 17.
b5 cxb5 18. axb5 a5 19. Na4 Nxa4 20. Qxa4 b6 21. Rfc1 Bg4 22. Nd2 Rc8 23. Rc6 Bd7 24.
Rc2 Rxc2 25. Qxc2 Qc8 26. Qb3 Qb7 27. Nf3 Rc8 28. Ne5 Bxe5 29. dxe5 Be6 30. Qa3 Qc7 31.
f4 g6 32. h3 h5 33. Kh2 h4 34. Rf1 Qc3 35. Qxc3 Rxc3 36. f5 gxf5 37. Bxf5 Rxe3 38. Bxe6 fxe6 39. Rf8+ Kg7 40. Rb8 Rxe5 41. Rxb6 d4 42. Rd6 Rxb5 43. Rxd4 Rb4 44. Rd7+ Kf6 45. Ra7 a4 46.
Kg1 e5 47. Kf2 Kf5 48. Ra5 Kf4 49. Ra8 Rb2+ 50. Kf1 Ke3 51. Kg1 Rb1+ 52. Kh2 Rb4 0-1